AoeStats
← Oden

Black Forest

510628874Analyzed
4v4 RM · 20h ago on Oct 1, 2026· 45m 18s· 8 players
Game mode
Random Map
Map size
Large (8 player)
Population
200
Speed
Normal
Resources
Standard
Victory
Conquest
Starting age
Dark Age
Ending age
Imperial Age
RankedLock teamsTeams togetherTeam positionsShared explorationLock speedFull tech treeHidden civsTurbo modeCheats
Victory
Defeat
🇩🇪 Koreans · Germany
1435
+13
🇵🇱 Mongols · Poland
1393
+14
1354
+16
🇨🇭 Portuguese · Switzerland
1339
+16
🇨🇱 Bengalis · Chile
1393
-17
🇺🇸 Byzantines · United States
1364
-15
🇫🇷 Persians · France
1346
-14
🇧🇷 Franks · Brazil
1317
-13
C.A | Sagittis Hungarorum
10:55 Feudal Age
11:57 Double-Bit Axe
14:33 Castle Age
15:47 Bow Saw
15:48 Horse Collar
16:48 Fervor
26:49 Imperial Age
25:09 Wheelbarrow
24:42 Heavy Plow
26:27 Chemistry
25:16 Loom
27:04 Hand Cart
27:12 Wagenburg Tactics
27:53 Conscription
27:50 Fletching
29:19 Two-Man Saw
28:49 Sanctity
29:01 Squires
28:22 Pikeman
28:59 Bodkin Arrow
29:14 Forging
29:04 Padded Archer Armor
29:39 Halberdier
30:20 Scale Mail Armor
30:55 Iron Casting
30:55 Arson
32:03 Bracer
31:26 Elite Skirmisher
34:12 Chain Mail Armor
34:57 Blast Furnace
34:27 Leather Archer Armor
34:34 Ballistics
35:59 Plate Mail Armor
37:27 Ring Archer Armor
40:05 Masonry
40:01 Houfnice
41:47 Illumination
41:38 Block Printing
43:44 Siege Engineers
44:10 Architecture
45:30 Coinage
Dawidowww
11:30 Feudal Age
12:37 Double-Bit Axe
15:17 Castle Age
14:07 Horse Collar
15:55 Fletching
17:00 Heavy Plow
18:49 Ballistics
24:19 Bodkin Arrow
26:05 Wheelbarrow
27:30 Padded Archer Armor
28:30 Leather Archer Armor
29:04 Masonry
30:10 Loom
34:00 Imperial Age
33:30 Bow Saw
35:23 Hoardings
35:51 Chemistry
34:59 Bracer
35:34 Bloodlines
35:24 Husbandry
36:05 Conscription
36:43 Caravan
37:37 Elite Mangudai
38:45 Hand Cart
39:59 Siege Engineers
44:34 Scale Barding Armor
44:41 Forging
rikardo_latino
0:28 Loom
11:23 Feudal Age
16:03 Castle Age
15:38 Horse Collar
16:56 Double-Bit Axe
18:14 Bow Saw
19:56 Wheelbarrow
21:45 Hand Cart
22:28 Gold Mining
27:11 Gold Shaft Mining
26:28 Stone Mining
30:20 Imperial Age
28:24 Heavy Plow
28:44 Treadmill Crane
30:06 Ballistics
29:40 Fletching
30:02 Forging
29:53 Scale Mail Armor
29:58 Scale Barding Armor
30:38 Masonry
30:24 Murder Holes
32:34 Two-Man Saw
32:03 Conscription
33:06 Chemistry
31:52 Pikeman
33:08 Block Printing
33:14 Sanctity
33:04 Fervor
32:40 Halberdier
33:21 Squires
33:59 Bodkin Arrow
34:39 Iron Casting
34:20 Chain Mail Armor
34:35 Arrowslits
35:22 Architecture
37:29 Shinkichon
37:07 Elite War Wagon
39:05 Plate Mail Armor
40:13 Caravan
40:57 Eupseong
41:04 Bracer
45:17 Elite Fire Lancer
Tenohmox
0:48 Loom
13:19 Feudal Age
15:16 Fletching
19:09 Stone Mining
22:20 Castle Age
21:06 Double-Bit Axe
21:47 Horse Collar
23:17 Bow Saw
23:11 Heavy Plow
23:44 Bodkin Arrow
26:20 Masonry
26:38 Gold Mining
29:11 Town Watch
37:24 Imperial Age
36:01 Treadmill Crane
39:06 Chemistry
38:15 Bracer
38:47 Architecture
38:01 Pikeman
40:45 Bombard Tower
42:17 Architecture
45:24 Stone Shaft Mining
LYR92426
1:00 Loom
7:37 Loom
11:28 Feudal Age
15:41 Castle Age
13:43 Double-Bit Axe
14:32 Horse Collar
16:06 Wheelbarrow
17:15 Bow Saw
18:51 Hand Cart
22:19 Stone Mining
23:09 Heavy Plow
26:07 Gold Mining
31:31 Imperial Age
29:24 Elite Skirmisher
29:27 Crossbowman
30:07 Fletching
30:22 Padded Archer Armor
30:40 Thumb Ring
30:57 Bodkin Arrow
31:20 Leather Archer Armor
32:33 Stone Shaft Mining
33:33 Chemistry
32:54 Ballistics
33:02 Bracer
33:35 Ring Archer Armor
33:16 Pikeman
34:08 Fortified Wall
34:01 Arbalester
35:14 Scale Mail Armor
36:02 Conscription
36:42 Forging
37:39 Chain Mail Armor
38:00 Iron Casting
36:52 Halberdier
37:33 Squires
41:09 Plate Mail Armor
40:28 Arson
40:54 Scale Barding Armor
42:31 Capped Ram
43:39 Siege Ram
jf_Kratos
0:56 Loom
11:59 Feudal Age
14:26 Wheelbarrow
14:21 Fletching
17:31 Town Watch
21:50 Castle Age
20:46 Gold Mining
20:42 Double-Bit Axe
20:39 Horse Collar
22:58 Bodkin Arrow
30:24 Padded Archer Armor
42:30 Imperial Age
43:17 Leather Archer Armor
43:19 Bracer
JR91
0:35 Loom
10:37 Feudal Age
15:15 Castle Age
13:53 Double-Bit Axe
18:31 Wheelbarrow
23:01 Bow Saw
28:18 Hand Cart
30:37 Imperial Age
28:30 Husbandry
28:36 Scale Barding Armor
29:09 Forging
30:05 Chain Barding Armor
30:55 Iron Casting
30:09 Light Cavalry
30:38 Cavalier
31:56 Plate Barding Armor
31:24 Devotion
32:34 Conscription
33:44 Blast Furnace
32:27 Paladin
39:16 Caravan
39:46 Coinage
39:17 Pikeman
39:58 Squires
40:00 Scale Mail Armor
40:27 Halberdier
40:54 Arson
41:26 Chain Mail Armor
Oden
10:19 Feudal Age
14:34 Castle Age
12:51 Double-Bit Axe
13:04 Horse Collar
20:58 Wheelbarrow
26:32 Hand Cart
29:50 Imperial Age
27:40 Gold Mining
27:59 Scale Barding Armor
28:05 Forging
29:19 Hand Cart
29:18 Bloodlines
29:09 Husbandry
29:06 Light Cavalry
29:28 Cavalier
30:12 Hussar
31:41 Chain Barding Armor
32:26 Heavy Plow
32:42 Loom
33:13 Bow Saw
33:33 Town Watch
34:48 Plate Barding Armor
35:28 Gold Shaft Mining
35:32 Iron Casting
36:06 Crop Rotation
36:32 Savar
Connection lost

Rejoining the realm…

Still unreachable

The connection could not be restored.

Session expired

The server has moved on; the page needs a fresh start.